 Dungeon Crawl Stone Soup version 0.32-a0-876-gcfddb08 (webtiles) character file.

Game seed: 7541452698898465010

6296 Aorika the Skirmisher (level 10, -14/92 HPs)
             Began as a Minotaur Hunter on Mar 31, 2024.
             Was a High Priest of Cheibriados.
             Demolished by a boulder beetle (45 damage)
             ... on level 9 of the Dungeon.
             The game lasted 00:23:32 (7411 turns).

Aorika the Skirmisher (Minotaur Hunter)             Turns: 7411, Time: 00:23:32

Health: -14/92     AC:  8    Str: 29    XL:     10   Next: 63%
Magic:  9/14       EV: 18    Int: 18    God:    Cheibriados [*****.]
Gold:   445        SH:  0    Dex: 29    Spells: 9/9 levels left

rFire   . . .        a - +3 longbow (drain)
rCold   . . .        (shield currently unavailable)
rNeg    . . .        j - +0 steam dragon scales
rPois   .            L - +1 hat {Stlth+}
rElec   .            (no cloak)
rCorr   .            (no gloves)
SInv    +            F - +1 pair of boots
Will    +....        q - amulet of the acrobat
Stlth   ++++         I - ring of willpower
HPRegen 0.35/turn    s - ring of see invisible
MPRegen 0.14/turn

%: acrobat
@: very slow
A: horns 2, retaliatory headbutt
a: Renounce Religion, Bend Time, Temporal Distortion, Slouch, Step From Time


You were on level 9 of the Dungeon.
You worshipped Cheibriados.
Cheibriados was extremely pleased with you.
You visited 1 branch of the dungeon, and saw 9 of its levels.

You collected 495 gold pieces.
You spent 50 gold pieces at shops.

Inventory:

Hand Weapons
 a - a +3 longbow of draining (weapon)
 b - a +2 short sword of venom
Missiles
 l - 3 silver javelins
 w - 2 throwing nets {!f}
 B - a curare-tipped dart {!f}
Armour
 j - +0 steam dragon scales (worn)
 F - a +1 pair of boots (worn)
 L - a +1 hat of stealth (worn)
Jewellery
 f - an amulet of faith
 g - a ring of wizardry
 i - an amulet of reflection
 o - an amulet of guardian spirit
 p - a ring of protection from cold
 q - an amulet of the acrobat (around neck)
 s - a ring of see invisible (right hand)
 A - a ring of resist corrosion
 I - a ring of willpower (left hand)
 J - a +6 ring of intelligence
Wands
 r - a wand of light (7)
 x - a wand of flame (18)
 y - a wand of paralysis (25)
Scrolls
 c - a scroll of revelation
 d - 8 scrolls of teleportation
 e - a scroll of immolation
 k - 2 scrolls of enchant armour
 v - a scroll of enchant weapon {unknown}
 z - a scroll of poison {unknown}
 D - a scroll of vulnerability {unknown}
 K - a scroll of amnesia {unknown}
Potions
 h - 4 potions of heal wounds
 m - a potion of invisibility
 n - 3 potions of attraction
 t - a potion of degeneration {unknown}
 u - 3 potions of lignification {unknown}
 C - 2 potions of brilliance {unknown}
 E - a potion of resistance {unknown}
 G - a potion of enlightenment {unknown}
 H - a potion of curing {unknown}


   Skills:
 + Level 9.7 Fighting
 * Level 11.6 Ranged Weapons
 + Level 7.0 Dodging
 - Level 3.0 Stealth
 + Level 7.4 Invocations


You had 9 spell levels left.
You didn't know any spells.
Your spell library contained the following spells:

 Spells                   Type           Power      Damage    Failure   Level
 Freeze                   Ice            0%         1d3       22%         1
 Frozen Ramparts          Ice            0%         1d1       54%         3
 Hailstorm                Conj/Ice       0%         3d5       54%         3
 Sigil of Binding         Hex            0%         N/A       54%         3
 Tukima's Dance           Hex            0%         N/A       54%         3
 Passage of Golubria      Tloc           0%         N/A       91%         4
 Yara's Violent Unravell  Hex/Alch       0%         3d3       99%         5
 Death Channel            Necr           0%         N/A       100%        6
 Sculpt Simulacrum        Ice/Alch       0%         N/A       100%        6


Dungeon Overview and Level Annotations

Branches:
Dungeon (9/15)             Temple (0/1) D:7
   Lair: D:8-11         Orc: D:9-12

Altars:
Cheibriados
Ru
Trog

Shops:
D:1 [   D:2 **([   D:6 (


Innate Abilities, Weirdness & Mutations

You have a pair of horns on your head.
You reflexively headbutt those who attack you in melee.


Message History

The boulder beetle moves out of view.
You shoot an arrow. The arrow hits the two-headed ogre!
The two-headed ogre is lightly wounded.
A centaur comes into view.
The two-headed ogre completely misses you.
You furiously retaliate!
You headbutt the two-headed ogre! The two-headed ogre barely misses you.
The centaur moves out of view.
You shoot an arrow.
The arrow completely misses the two-headed ogre.
You shoot an arrow.
The arrow hits the two-headed ogre but does no damage.
You drain the two-headed ogre.
The two-headed ogre is moderately wounded.
The two-headed ogre hits you with a +0 giant club.
The two-headed ogre barely misses you.
You shoot an arrow. The arrow hits the two-headed ogre!!
The two-headed ogre is severely wounded.
The two-headed ogre hits you with a +0 giant club!
The two-headed ogre hits you with a +0 giant spiked club!
You shoot an arrow.
The arrow barely misses the two-headed ogre.
The two-headed ogre completely misses you.
The two-headed ogre hits you with a +0 giant spiked club.
The two-headed ogre attacks as it pursues you!
The two-headed ogre closely misses you.
The two-headed ogre completely misses you.
Activating: Slouch (8% risk of failure)
Press: ? - help, Dir - look around, f - activate You fail to use your ability.
The boulder beetle curls into a ball and begins rolling!
The two-headed ogre misses you.
The two-headed ogre hits you with a +0 giant spiked club!!
Activating: Slouch (8% risk of failure)
Press: ? - help, Dir - look around, f - activate You can feel time thicken for a moment.
You kill the two-headed ogre!
Cheibriados appreciates the change of pace.
The boulder beetle hits you!!!
You die...
Cheibriados appreciates the motionlessness of death.

#.♣ ♣.#.....+
♣.♣.♣#.....#
###♣♣.♣♣......#
#.#...).†.....# ##
#.#♣♣.♣♣......+ #c
#.#♣.♣.♣#.....# #.
#.#.♣.♣.#.<...#
##F##.#♣.♣.♣#.....#
#..B@.#.♣.♣.#.....#
#.♣♣♣.#♣.♣.♣#.....#
#.....#.♣.♣.#.....#
###.#####.♣♣#.....#
♣♣.♣♣ ♣.♣ #.....+
♣.♣#♣...♣#♣♣.♣♣#......
♣..).).....♣.(#
♣.♣#♣...♣#♣♣.♣♣# ♣♣.♣♣
♣.♣


You could see a boulder beetle (rolling) and a bullfrog.

Vanquished Creatures
  Gastronok (D:8)
  3 two-headed ogres
  Maggie (D:6)
  Prince Ribbit (D:7)
  Sigmund (D:6)
  A yak (D:9)
  Eustachio (D:5)
  Menkaure (D:7)
  Duvessa (D:5)
  2 orc warriors
  2 sky beasts
  2 ice beasts
  3 ogres
  2 phantoms
  3 kobold brigands
  5 bullfrogs
  A gnoll sergeant (D:9)
  3 scorpions
  Dowan (D:5)
  3 electric eels (D:6)
  4 howler monkeys
  4 bombardier beetles
  7 hounds
  3 iguanas
  4 orc priests
  A sleepcap (D:4)
  Ijyb (D:5)
  4 orc wizards
  6 gnolls
  11 adders
  A river rat (D:5)
  A shadow imp (D:7)
  A white imp (D:7)
  2 ribbon worms
  2 dart slugs
  5 orcs
  2 bats
  4 endoplasms
  5 giant cockroaches
  4 hobgoblins
  8 jackals (D:3)
  17 kobolds
  8 ball pythons
  2 frilled lizards (D:6)
  3 goblins
  9 rats
157 creatures vanquished.

Notes
Turn   | Place    | Note
-------+----------+-------------------------------------------
     0 | D:1      | Aorika the Minotaur Hunter began the quest for the Orb.
     0 | D:1      | Reached XP level 1. HP: 18/18 MP: 0/0
    49 | D:1      | Found Imaa's Armour Shoppe.
    71 | D:1      | Reached skill level 1 in Stealth
   177 | D:1      | Reached XP level 2. HP: 25/25 MP: 1/1
   372 | D:2      | Found a faded altar of an unknown god.
   376 | D:2      | Prayed at the altar of an unknown god.
   376 | D:2      | Became a worshipper of Cheibriados the Contemplative
   376 | D:2      | Reached * piety under Cheibriados
   435 | D:2      | Found Keotz's Armour Emporium.
   533 | D:2      | Found Epriblidgh's Weapon Shop.
   544 | D:2      | Reached XP level 3. HP: 31/31 MP: 2/2
   582 | D:2      | Found Peduzanoxe's General Store.
   586 | D:2      | Found Homoypp's General Store.
   594 | D:2      | Bought a scroll of identify for 20 gold pieces
   594 | D:2      | Bought a scroll of teleportation for 30 gold pieces
  1104 | D:3      | Reached ** piety under Cheibriados
  1346 | D:3      | Found a sacrificial altar of Ru.
  1454 | D:3      | Reached XP level 4. HP: 38/38 MP: 3/3
  1674 | D:3      | Reached skill level 5 in Ranged Weapons
  2065 | D:3      | Reached skill level 1 in Invocations
  2065 | D:3      | Reached XP level 5. HP: 46/46 MP: 4/4
  2480 | D:4      | Noticed a phantom
  2495 | D:4      | Killed a phantom
  2495 | D:4      | Reached *** piety under Cheibriados
  2496 | D:4      | Reached XP level 6. HP: 48/53 MP: 6/6
  2819 | D:5      | Entered Level 5 of the Dungeon
  2827 | D:5      | Identified a scroll of acquirement
  2827 | D:5      | Acquired a +3 longbow of draining
  2925 | D:5      | Noticed Eustachio
  2933 | D:5      | Killed Eustachio
  2934 | D:5      | Reached skill level 6 in Ranged Weapons
  3005 | D:5      | Noticed an ice beast
  3007 | D:5      | Killed an ice beast
  3008 | D:5      | Reached skill level 5 in Fighting
  3008 | D:5      | Reached XP level 7. HP: 61/61 MP: 8/8
  3068 | D:5      | Noticed Ijyb
  3077 | D:5      | Killed Ijyb
  3177 | D:5      | Noticed Duvessa
  3182 | D:5      | Killed Duvessa
  3210 | D:5      | Noticed Dowan
  3213 | D:5      | Killed Dowan
  3529 | D:5      | Reached skill level 7 in Ranged Weapons
  3602 | D:5      | Reached XP level 8. HP: 66/71 MP: 10/10
  3858 | D:6      | Reached **** piety under Cheibriados
  3903 | D:6      | Noticed Maggie
  3927 | D:6      | Killed Maggie
  3928 | D:6      | Reached skill level 8 in Ranged Weapons
  3928 | D:6      | Reached skill level 5 in Invocations
  4250 | D:6      | Found Sack's Antique Weapon Shop.
  4451 | D:6      | Found a bloodstained altar of Trog.
  4487 | D:6      | Reached XP level 9. HP: 79/79 MP: 12/12
  4548 | D:6      | Noticed Sigmund
  4552 | D:6      | Killed Sigmund
  4679 | D:6      | Reached skill level 9 in Ranged Weapons
  5112 | D:7      | Noticed Menkaure
  5270 | D:7      | Killed Menkaure
  5271 | D:7      | Reached skill level 5 in Dodging
  5369 | D:7      | Noticed Prince Ribbit
  5371 | D:7      | Killed Prince Ribbit
  5377 | D:7      | Reached ***** piety under Cheibriados
  5381 | D:7      | Found a staircase to the Ecumenical Temple.
  5977 | D:7      | Reached skill level 10 in Ranged Weapons
  6401 | D:8      | Noticed a two-headed ogre
  6409 | D:8      | Killed a two-headed ogre
  6410 | D:8      | Reached XP level 10. HP: 33/90 MP: 12/14
  7106 | D:8      | Noticed Gastronok
  7116 | D:8      | Killed Gastronok
  7117 | D:8      | Reached skill level 11 in Ranged Weapons
  7348 | D:9      | Noticed a two-headed ogre
  7354 | D:9      | Killed a two-headed ogre
  7403 | D:9      | Noticed a boulder beetle
  7403 | D:9      | Noticed a two-headed ogre
  7411 | D:9      | Killed a two-headed ogre
  7411 | D:9      | Demolished by a boulder beetle

Illustrated notes

Levels and vault maps discovered:
D:1:      nzn_arrival_depleted_hourglass, layout_rooms, serial_shops,
          nicolae_shop_peninsula
D:2:      layout_loops_ring, serial_shops, nicolae_shop_stone, shop,
          nicolae_shop_pleasant_corner_grove, nicolae_shop_stone,
          hellmonk_ecumenical_altar_leap_of_faith, kennysheep_cross_room,
          chequers_serial_rivers_room_a
D:3:      layout_loops_corners, nicolae_ru_the_path_less_chosen,
          roderic_serpentine_path, kennysheep_small_spiral,
          kennysheep_minor_cross, minmay_misc_feat_room
D:4:      layout_rooms, minmay_unequal
D:5:      layout_loops_corners, portal_sewer_entry_e, uniq_duvessa,
          uniq_eustachio, uniq_ijyb
D:6:      layout_loops_ring, kennysheep_mini_moat, serial_shops, shop,
          serial_bayou, serial_bayou_pond_e, serial_bayou_pond_a,
          serial_bayou_pond_b, serial_bayou_pond_b, serial_bayou_lagoon_b,
          serial_bayou_pond_b, grunt_decor_mini_mirrors,
          lexackson_kobold_supper, uniq_sigmund, uniq_maggie
D:7:      layout_basic, temple_fountains, uniq_menkaure, uniq_prince_ribbit1
D:8:      layout_loops_cross, uniq_gastronok
D:9:      nzn_winding_woodlands_medium [nzn_winding_woodlands_5x5_default,
          nzn_winding_woodlands_5x15_garden,
          nzn_winding_woodlands_5x5_closed_star,
          nzn_winding_woodlands_5x5_perimeter,
          nzn_winding_woodlands_center_lodge, nzn_winding_woodlands_5x5_default,
          nzn_winding_woodlands_5x5_default,
          nzn_winding_woodlands_5x15_split_checker,
          nzn_winding_woodlands_5x5_cross], layout_stronghold, orc_0_dummy,
          serial_column_ruins, column_ruins_grid_1,
          column_ruins_columns_straight, column_ruins_open_medium,
          column_ruins_open_small_water, serial_shops,
          nicolae_book_shop_shelving, nicolae_shop_i_like_small_books_too,
          moated_statue, chequers_serial_rivers_small_a

Skill      XL: |  1  2  3  4  5  6  7  8  9 10 |
---------------+-------------------------------+-----
Stealth        | 1 2 3 |  3.0
Fighting       | 3 4 5 6 7 8 9 |  9.7
Dodging        | 3 4 6 7 |  7.0
Ranged Weapons | 5 6 7 8 10 11 | 11.6
Invocations    | 1 2 3 4 5 6 7 |  7.4

Action                     |  1- 3 |  4- 6 |  7- 9 | 10-12 || total
---------------------------+-------+-------+-------+-------++-------
  Melee: Short sword       |     8 |    33 |    72 |     2 ||   115
         Headbutt          |     3 |     6 |    20 |     1 ||    30
   Fire: Shortbow          |    63 |    72 |       |       ||   135
         Longbow           |       |    12 |   170 |    51 ||   233
 Invoke: Slouch            |       |       |       |     1 ||     1
    Use: Scroll            |     4 |     2 |     3 |     1 ||    10
         Potion            |       |       |     1 |       ||     1
 Armour: Leather armour    |    10 |    19 |    29 |       ||    58
         Steam dragon scal |       |       |    35 |     9 ||    44
  Dodge: Dodged            |    14 |    25 |    57 |    14 ||   110
  Block: Other             |     3 |     5 |    17 |       ||    25
         Reflection        |       |       |     2 |       ||     2

Table legend: (Time is in decaauts)
 A = Elapsed time spent in this place.
 B = Non-inter-level travel time spent in this place.
 C = Inter-level travel time spent in this place.
 D = Time resting spent in this place.
 E = Time spent auto-exploring this place.
 F = Levels seen in this place.
 G = Mean time per level.
                   A        B        C        D        E       F      G
               +--------+--------+--------+--------+--------+-----+--------+
         Total |  10732 |  10236 |    496 |    957 |   7855 |   9 | 1192.4 |
       Dungeon |  10732 |  10236 |    496 |    957 |   7855 |   9 | 1192.4 |
               +--------+--------+--------+--------+--------+-----+--------+

Top non-repeatable levels by time:
     D:6: 1986 daAuts
     D:3: 1866 daAuts
     D:8: 1698 daAuts
     D:7: 1570 daAuts
     D:5: 1505 daAuts
     D:2: 903 daAuts
     D:4: 682 daAuts
     D:1: 367 daAuts
     D:9: 151 daAuts
